 Dungeon Crawl Stone Soup version 0.25.1-9-gc5326a611f (webtiles) character file.

Game seed: 8626926146078048728

141 Descartes the Ducker (level 5, -5/24 HPs)
             Began as a Felid Monk on Jan 1, 2021.
             Slain by a scorpion (8 damage)
             ... on level 4 of the Dungeon on Jan 2, 2021.
             The game lasted 00:07:03 (3425 turns).

Descartes the Ducker (Felid Monk)                   Turns: 3425, Time: 00:07:03

Health: -5/24      AC:  1    Str:  8    XL:     5   Next: 3%
Magic:  6/6        EV: 22    Int: 11    God:
Gold:   207        SH:  0    Dex: 19    Spells: 4/4 levels left
                                        Lives:  0   Deaths: 1

rFire    . . .     SeeInvis +     - Unarmed
rCold    . . .     Gourm    .   (shield unavailable)
rNeg     . . .     Faith    .   (armour unavailable)
rPois    .         Spirit   .   (helmet unavailable)
rElec    .         Reflect  .   (cloak unavailable)
rCorr    +         Harm     .   (gloves unavailable)
MR       .....                  (boots unavailable)
Stlth    ++++......             (no amulet)
HPRegen  0.08/turn              e - ring of resist corrosion
MPRegen  0.10/turn              (no ring)

@: lethally poisoned (-5 -> -15), quick
A: very small, no armour, no weapons or thrown items, stealth, claws 1, fangs 3,
see invisible, carnivore, speed 1, shaggy fur 1, slow metabolism 1, sharp paws
a: no special abilities


You were on level 4 of the Dungeon.
You were completely stuffed.

You visited 1 branch of the dungeon, and saw 4 of its levels.

You collected 207 gold pieces.

Inventory:

Missiles
 b - 97 stones
 f - 16 arrows
Jewellery
 e - a ring of resist corrosion (left paw)
Wands
 k - a wand of iceblast (5)
Scrolls
 d - 2 scrolls of fog
 g - 3 scrolls of amnesia {unknown}
 h - a scroll of identify
 j - 2 scrolls of remove curse
Potions
 c - a potion of degeneration {unknown}
 i - a potion of cancellation
 l - 2 potions of haste
 n - a potion of brilliance {unknown}
Comestibles
 a - 3 rations
 m - 2 chunks of flesh


   Skills:
 - Level 3.0 Fighting
 - Level 6.0 Dodging
 + Level 5.5 Stealth
 + Level 3.7 Unarmed Combat


You had 4 spell levels left.
You didn't know any spells.
Your spell library was empty.

Dungeon Overview and Level Annotations

Branches:
Dungeon (4/15)
 Temple: D:4-7

Altars:
Ashenzari
Makhleb
Sif Muna
Vehumet
Xom
The Shining One

Shops:
D:4 [

Portals:
Sewer: D:4


Innate Abilities, Weirdness & Mutations

You cannot wear armour.
You are incapable of wielding weapons or throwing items.
Your paws allow you to move quietly. (Stealth)
You have sharp claws.
You have razor-sharp teeth.
You have supernaturally acute eyesight. (SInv)
You are carnivorous and can eat meat at any time.
You cover ground quickly.
You are covered in fur. (AC +1)
You have a slow metabolism.
Your sharp claws are effective at attacking unaware monsters.


Message History

Found a club.
A scorpion and an ogre come into view.
The ogre moves out of view.
Found a scroll of teleportation.
Found a glowing drain.
There is a shattered altar of Ashenzari here.
The frilled lizard hisses angrily.
You hear the brisk rusting of a drain nearby.
You scratch the frilled lizard.
You kill the frilled lizard!
You scratch the scorpion but do no damage.
You bite the scorpion, but do no damage.
The scorpion completely misses you.
You closely miss the scorpion. The scorpion stings you!
* * * LOW HITPOINT WARNING * * *
You are lethally poisoned!
The scorpion poisons you!
You scratch the scorpion but do no damage.
* * * LOW HITPOINT WARNING * * *
You feel sick. The scorpion stings you!
You die...

.S... #..
......#.###
......._..####
.s....#.#....#
........##...#
...#.#####...# .. #
#...###### .
#.#####........#
#....@s........#
#######........####
####........#
#######......#
#............#
#.........####
#.........#
#.......###
#.......#


You could see a scorpion.

Vanquished Creatures
  A scorpion (D:4)
  5 adders
  An ooze (D:1)
  4 worms
  2 leopard geckos
  10 orcs
  A giant cockroach (D:4)
  10 hobgoblins
  5 jackals
  8 bats
  4 frilled lizards
  3 goblins
  7 kobolds
  9 rats
70 creatures vanquished.

Notes
Turn   | Place    | Note
-------+----------+-------------------------------------------
     0 | D:1      | Descartes the Felid Monk began the quest for the Orb.
     0 | D:1      | Reached XP level 1. HP: 10/10 MP: 2/2
   186 | D:1      | Reached XP level 2. HP: 14/14 MP: 3/3
   832 | D:2      | Reached skill level 5 in Stealth
   832 | D:2      | Reached XP level 3. HP: 9/17 MP: 4/4
  1612 | D:2      | Reached skill level 5 in Dodging
  2220 | D:3      | Reached XP level 4. HP: 17/21 MP: 5/5
  2234 | D:2      | HP: 1/21 [adder (2)]
  2235 | D:2      | Succumbed to an adder's poison
  2236 | D:2      | Reached XP level 3. HP: 0/17 MP: 4/4
  2785 | D:3      | Found a radiant altar of Vehumet.
  2785 | D:3      | Found a glowing golden altar of the Shining One.
  2786 | D:3      | Found a shimmering blue altar of Sif Muna.
  2787 | D:3      | Found a shimmering altar of Xom.
  2788 | D:3      | Found a burning altar of Makhleb.
  2855 | D:3      | Reached skill level 6 in Dodging
  2855 | D:3      | Reached XP level 4. HP: 16/21 MP: 5/5
  3149 | D:4      | Found Cehap's Armour Shop.
  3350 | D:4      | Reached XP level 5. HP: 9/24 MP: 6/6
  3398 | D:4      | Found a shattered altar of Ashenzari.
  3401 | D:4      | Found a glowing drain.
  3401 | D:4      | Noticed an ogre
  3425 | D:4      | Slain by a scorpion

Illustrated notes

Levels and vault maps discovered:
D:1:      dpeg_arrival_castle, layout_basic, minivault_23,
          corexii_item_surrounded_by_moat
D:2:      layout_basic
D:3:      layout_rooms, minitemple, first_ration
D:4:      layout_basic, serial_shops, shop, portal_sewer_entry_a,
          ashenzari_altar_1

Skill      XL: |  1  2  3 |
---------------+----------+-----
Stealth        | 3 5 |  5.5
Dodging        | 6 |  6.0
Fighting       | |  3.0
Unarmed Combat | |  3.7

Action                   |  1- 3 |  4- 6 || total
-------------------------+-------+-------++-------
Melee: Unarmed           |   169 |    62 ||   231
       Bite              |    15 |     5 ||    20
       Punch             |     2 |     1 ||     3
  Use: Scroll            |       |     7 ||     7
 Stab: Sleeping          |     9 |     6 ||    15
       Distracted        |     1 |       ||     1
  Eat: Chunk             |    17 |     1 ||    18
Armor: Skin              |    20 |     2 ||    22
Dodge: Dodged            |   170 |    40 ||   210
